 Dungeon Crawl Stone Soup version 0.28.0 (webtiles) character file.

Game seed: 436380129844613967

236 RascalDebosk the Grave Robber (level 5, -15/36 (37) HPs)
             Began as a Demonspawn Necromancer on Feb 7, 2022.
             Demolished by an ogre (18 damage)
             ... on level 4 of the Dungeon.
             The game lasted 00:48:44 (4396 turns).

RascalDebosk the Grave Robber (DsNe)                Turns: 4396, Time: 00:48:45

HP:   -15/36 (37)   AC:  6    Str:  8    XL:     5   Next: 77%
MP:   2/8           EV: 16    Int: 18    God:
Gold: 56            SH:  4    Dex: 14    Spells: 0/9 levels left

rFire   x . .      SeeInvis .   i - +0 dagger (venom)
rCold   + . .      Faith    .   m - +0 buckler
rNeg    . . .      Spirit   .   a - +0 robe
rPois   .          Reflect  .   p - +0 helmet
rElec   .          Harm     .   (no cloak)
rCorr   .          Rampage  .   g - +0 pair of gloves
Will    .....                   (no boots)
Stlth   ++........              (no amulet)
HPRegen 0.12/turn               r - ring of ice
MPRegen 0.11/turn               v - +4 ring of evasion

@: very slightly contaminated, lightly drained
A: molten scales 1, powered by death 1
a: no special abilities


You were on level 4 of the Dungeon.
You visited 1 branch of the dungeon, and saw 6 of its levels.

You collected 56 gold pieces.

Inventory:

Hand Weapons
 i - a +0 dagger of venom (weapon)
Missiles
 f - 4 poisoned darts
Armour
 a - a +0 robe (worn)
 e - a +2 hat
 g - a +0 pair of gloves (worn)
 m - a +0 buckler (worn)
 p - a +0 helmet (worn)
Jewellery
 r - a ring of ice (left hand)
 v - a +4 ring of evasion (right hand)
Wands
 o - a wand of flame (3)
 t - a wand of iceblast (9)
Scrolls
 c - 2 scrolls of identify
 d - a scroll of fog
 l - a scroll of magic mapping {unknown}
 q - a scroll of torment {unknown}
 u - a scroll of blinking {unknown}
Potions
 b - a potion of heal wounds
 h - a potion of degeneration
 j - a potion of flight
 k - 3 potions of might
 n - a potion of mutation
 s - a potion of curing


   Skills:
 + Level 1.4 Fighting
 + Level 1.2 Short Blades
 + Level 1.2 Staves
 * Level 1.6 Armour
 + Level 2.5 Dodging
 + Level 2.4 Stealth
 * Level 0.8 Shields
 + Level 2.6 Spellcasting
 * Level 5.2 Necromancy


You couldn't memorise any spells.
You knew the following spells:

 Your Spells              Type           Power      Damage    Failure   Level
a - Pain                  Necr           84%        1d8       2%          1
b - Animate Skeleton      Necr           42%        N/A       2%          1
c - Vampiric Draining     Necr           21%        2d7       9%          3
d - Animate Dead          Necr           10%        N/A       26%         4

Your spell library contained the following spells:

 Spells                   Type           Power      Damage    Failure   Level
 Agony                    Necr           21%        N/A       58%         5


Dungeon Overview and Level Annotations

Branches:
Dungeon (6/15)
 Temple: D:4-7

Altars:
Fedhas
Qazlal
Xom


Innate Abilities, Weirdness & Mutations

You are partially covered in molten scales. (AC +2)
You regenerate a little health from kills.


Message History

Aim: an ogre, wielding a +0 giant club (moderately wounded, chance to affect: 80%)
The ogre barely resists.
Aiming: Pain (safe; 2% risk of failure)
Press: ? - help, Q - select action, (/) - cycle Shift-Dir - straight line, f/p - ogre
Aim: an ogre, wielding a +0 giant club (moderately wounded, chance to affect: 80%)
The ogre writhes in agony.
The ogre hits you with a +0 giant club!
Casting: Pain (safe; 2% risk of failure)
Confirm with . or Enter, or press ? or * to list all spells.
Aiming: Vampiric Draining (dangerous; 9% risk of failure)
Press: ? - help, Shift-Dir - straight line, f/p - ogre
Aim: an ogre, wielding a +0 giant club (moderately wounded)
You miscast Vampiric Draining.
You are very lightly contaminated with residual magic.
The world around you seems to dim momentarily.
You feel drained. The ogre closely misses you.
Casting: Vampiric Draining (dangerous; 9% risk of failure)
Confirm with . or Enter, or press ? or * to list all spells.
You don't have enough magic to cast this spell.
You closely miss the ogre.
The ogre is moderately wounded.
The ogre barely misses you.
You barely miss the ogre.
The ogre is moderately wounded.
You barely miss the ogre.
The ogre is moderately wounded.
You block the ogre's attack.
You barely miss the ogre.
The ogre is moderately wounded.
The ogre hits you with a +0 giant club!!
Ouch! That really hurt!
* * * LOW HITPOINT WARNING * * *
You barely miss the ogre.
The ogre is moderately wounded.
The ogre completely misses you.
You hit the ogre.
The ogre is poisoned.
The ogre is moderately wounded.
The ogre hits you with a +0 giant club!!
Ouch! That really hurt!
You die...

#...... ###.#...# #<.
....### ### ##### #.#
#.....# #.. ##....## #.#
#.....#.#.. ....#..###.#
#...$...#..
##...@..)###...#####..
#.....O..............#.
......#.......########.#.
.##.....#.###.# ..##
#.#.).#.# #.# ....
#.#.).#.# #.# ..#### #
##.##.# #.# #.. .. ..#
... #.. .. .#> #.


You could see an ogre (very poisoned).

Vanquished Creatures
  A water moccasin skeleton (D:4)
  Jessica (D:2)
  Natasha (twice) (D:2)
  Robin (D:2)
  3 adders
  3 worms (D:2)
  2 dart slugs
  3 ball pythons
  6 endoplasms
  3 giant cockroaches
  8 goblins
  7 hobgoblins
  6 kobolds
  3 quokkas
  2 bats
  5 frilled lizards
  7 rats
  A spectral hobgoblin (D:2)
64 creatures vanquished.

Notes
Turn   | Place    | Note
-------+----------+-------------------------------------------
     0 | D:1      | RascalDebosk the Demonspawn Necromancer began the quest for
                  | the Orb.
     0 | D:1      | Reached XP level 1. HP: 13/13 MP: 3/3
   514 | D:1      | Gained mutation: You are partially covered in molten
                  | scales. (AC +2) [demonic ancestry]
   514 | D:1      | Reached XP level 2. HP: 12/19 MP: 5/5
   892 | D:1      | Learned a level 1 spell: Animate Skeleton
  1375 | D:2      | Noticed Natasha
  1380 | D:2      | Noticed a crimson imp
  1389 | D:2      | Killed Natasha
  1390 | D:2      | Reached XP level 3. HP: 6/25 MP: 1/6
  1739 | D:2      | Reached skill level 1 in Fighting
  2101 | D:2      | Found a faded altar of an unknown god.
  2375 | D:2      | Reached XP level 4. HP: 28/31 MP: 3/7
  2606 | D:2      | Noticed Jessica
  2613 | D:2      | Killed Jessica
  2614 | D:2      | Reached skill level 1 in Short Blades
  2614 | D:2      | Reached skill level 1 in Staves
  2614 | D:2      | Reached skill level 1 in Armour
  2614 | D:2      | Reached skill level 5 in Necromancy
  2676 | D:2      | Noticed Natasha
  2686 | D:2      | Killed Natasha
  2740 | D:2      | Learned a level 3 spell: Vampiric Draining
  2812 | D:2      | Gained mutation: You regenerate a little health from kills.
                  | [demonic ancestry]
  2812 | D:2      | Reached XP level 5. HP: 24/37 MP: 6/8
  3197 | D:2      | Noticed Robin
  3213 | D:2      | Killed Robin
  3642 | D:3      | Learned a level 4 spell: Animate Dead
  3888 | D:3      | Found a stormy altar of Qazlal.
  3888 | D:3      | Found a shimmering altar of Xom.
  4048 | D:3      | Found a blossoming altar of Fedhas.
  4063 | D:3      | You fall into a shaft and drop 3 floors!
  4116 | D:5      | Entered Level 5 of the Dungeon
  4381 | D:4      | Noticed an ogre
  4396 | D:4      | Demolished by an ogre

Illustrated notes

Levels and vault maps discovered:
D:1:      wander_arrival_estate, layout_rooms
D:2:      layout_basic, dreamdust_ecumenical_altar_drowned_temple, minivault_25,
          kennysheep_potato, uniq_jessica, uniq_natasha, uniq_robin
D:3:      layout_basic, lemuel_tele_altar, gammafunk_temple_overflow_wave
D:4:      layout_basic, serial_shops, shop
D:5:      cheibrodos_iron_armory, layout_loops_cross, vehumet_altar_wand_db,
          serial_bayou_pond_e
D:6:      layout_gridville

Skill      XL: |  1  2  3  4 |
---------------+-------------+-----
Stealth        | 2 |  2.4
Dodging        | 2 |  2.5
Fighting       | 1 |  1.4
Short Blades   | 1 |  1.2
Staves         | 1 |  1.2
Armour         | 1 |  1.6
Necromancy     | 5 |  5.2
Shields        | |  0.8
Spellcasting   | |  2.6

Action                   |  1- 3 |  4- 6 || total
-------------------------+-------+-------++-------
Melee: Dagger            |    69 |    94 ||   163
       Unarmed           |     1 |       ||     1
 Cast: Pain              |    53 |    42 ||    95
       Animate Skeleton  |     2 |     3 ||     5
  Use: Scroll            |       |     8 ||     8
 Stab: Sleeping          |     1 |     2 ||     3
Armor: Robe              |    15 |    31 ||    46
Dodge: Dodged            |    50 |    54 ||   104
Block: Buckler           |       |     6 ||     6
